 Dungeon Crawl Stone Soup version 0.22.0-16-gc6d26f6 (webtiles) character file.

5 Amnesiac the Vandal (level 1, -1/16 HPs)
             Began as a Mummy Hunter on Aug 17, 2018.
             Slain by a hobgoblin
             ... wielding a +0 club
              (4 damage)
             ... on level 1 of the Dungeon.
             The game lasted 00:00:14 (135 turns).

Amnesiac the Vandal (Mummy Hunter)                   Turns: 135, Time: 00:00:14

Health: -1/16      AC:  3    Str: 15    XL:     1   Next: 66%
Magic:  1/1        EV: 11    Int: 10    God:
Gold:   13         SH:  0    Dex: 12    Spells: 0/0 levels left

rFire    x . .     SeeInvis .   b - +0 short sword
rCold    + . .     Gourm    .   (no shield)
rNeg     + + +     Faith    .   c - +0 leather armour
rPois    ∞         Spirit   .   (no helmet)
rElec    .         Reflect  .   (no cloak)
rCorr    .         Harm     .   (no gloves)
MR       .....                  (no boots)
Stlth    +.........             (no amulet)
HPRegen  0.05/turn              (no ring)
MPRegen  0.07/turn              (no ring)

@: no status effects
A: no food or potions, fire vulnerability, cold resistance 1, negative energy
resistance 3, torment resistance, unbreathing
a: no special abilities


You were on level 1 of the Dungeon.
You were not hungry.

You visited 1 branch of the dungeon, and saw 1 of its levels.

You collected 13 gold pieces.

Inventory:

Hand Weapons
 a - a +1 hunting sling
 b - a +0 short sword (weapon)
Missiles
 d - 20 sling bullets
Armour
 c - a +0 leather armour (worn)
Scrolls
 e - a scroll of fog {!r, unknown}


   Skills:
 + Level 2.1 Fighting
 * Level 3.4 Slings
 - Level 1.5 Dodging
 - Level 0.7 Stealth


You couldn't memorise any spells.
You didn't know any spells.
Your spell library was empty.

Dungeon Overview and Level Annotations

Branches:
Dungeon (1/15)

Altars:


Innate Abilities, Weirdness & Mutations

You do not eat or drink.
Your flesh is vulnerable to fire.
You are immune to poison.
Your flesh is cold resistant. (rC+)
You are immune to negative energy. (rN+++)
You are immune to unholy pain and torment.
You can survive without breathing.


Message History

The kobold shouts!
The bat hits you. The bat hits you but does no damage. x2
You hit the bat.
You kill the bat!
A hobgoblin comes into view. It is wielding a club.
The kobold throws a stone.
The stone closely misses you.
The hobgoblin shouts!
The kobold throws a stone.
The stone closely misses you.
Found 20 stones.
There is a stone staircase leading down here.
You hit the kobold but do no damage. The kobold closely misses you.
The hobgoblin hits you with a club.
You hit the kobold.
The kobold is moderately wounded.
The kobold closely misses you. The hobgoblin closely misses you.
You closely miss the kobold.
The kobold is moderately wounded.
The kobold hits you. The hobgoblin barely misses you.
You hit the kobold but do no damage.
The kobold is moderately wounded.
The kobold closely misses you. The hobgoblin barely misses you.
You hit the kobold but do no damage.
The kobold is moderately wounded.
The kobold barely misses you.
The hobgoblin hits you but does no damage.
You barely miss the kobold.
The kobold is moderately wounded.
The kobold barely misses you. The hobgoblin misses you.
You barely miss the kobold.
The kobold is moderately wounded.
The kobold closely misses you. The hobgoblin closely misses you.
You hit the kobold.
You kill the kobold!
The hobgoblin hits you with a club.
* * * LOW HITPOINT WARNING * * *
You hit the hobgoblin.
The hobgoblin is moderately wounded.
The hobgoblin barely misses you.
You barely miss the hobgoblin.
The hobgoblin is moderately wounded.
The hobgoblin barely misses you.
You hit the hobgoblin but do no damage.
The hobgoblin is moderately wounded.
The hobgoblin hits you but does no damage.
Your leather armour prevents you from hitting the hobgoblin.
The hobgoblin is moderately wounded.
The hobgoblin misses you.
You hit the hobgoblin.
The hobgoblin is heavily wounded.
The hobgoblin hits you with a club.
* * * LOW HITPOINT WARNING * * *
You hit the hobgoblin but do no damage.
The hobgoblin is heavily wounded.
The hobgoblin closely misses you.
You hit the hobgoblin but do no damage.
The hobgoblin is heavily wounded.
The hobgoblin misses you.
You completely miss the hobgoblin.
The hobgoblin is heavily wounded.
The hobgoblin hits you but does no damage.
You closely miss the hobgoblin.
The hobgoblin is heavily wounded.
The hobgoblin hits you with a club.
You die...

## ...
#########.#
.........##
#..........
#.###.......##
.......†g....#
###..@..#
#.#....>..#
#.#.###.#(#
#!#.# #.##..
#.#.# #.# #.#
#.#.###.###.#
#.#.......#.#
#.#.##....#.#
#...........#


You could see a hobgoblin.

Vanquished Creatures
  A bat (D:1)
  A goblin (D:1)
  A kobold (D:1)
  2 frilled lizards (D:1)
5 creatures vanquished.

Notes
Turn   | Place    | Note
-------+----------+-------------------------------------------
     0 | D:1      | Amnesiac the Mummy Hunter began the quest for the Orb.
     0 | D:1      | Reached XP level 1. HP: 16/16 MP: 1/1
   135 | D:1      | Slain by a hobgoblin

Action                   || total
-------------------------++-------
Melee: Short sword       ||    23
Armor: Leather armour    ||     3
Dodge: Dodged            ||    22
